 Dungeon Crawl Stone Soup version 0.28-a0-1555-g9ae15a6949 (webtiles) character file.

Game seed: 17121778299725794464

251 issech the Ducker (level 5, -2/51 (53) HPs)
             Began as a Troll Fighter on Jan 19, 2022.
             Slain by a wight (10 damage)
             ... on level 4 of the Dungeon.
             The game lasted 00:09:08 (2764 turns).

issech the Ducker (Troll Fighter)                   Turns: 2764, Time: 00:09:09

HP:   -2/51 (53)    AC:  4    Str: 24    XL:     5   Next: 88%
MP:   4/4           EV:  9    Int:  4    God:
Gold: 93            SH:  8    Dex: 11    Spells: 4/4 levels left

rFire   . . .      SeeInvis .   a - +0 flail
rCold   . . .      Faith    .   c - +0 kite shield
rNeg    . . .      Spirit   .   b - +0 robe
rPois   .          Reflect  .   (helmet restricted)
rElec   .          Harm     .   (no cloak)
rCorr   .          Rampage  .   (gloves unavailable)
Will    .....                   (boots unavailable)
Stlth   +.........              (no amulet)
HPRegen 0.97/turn               (no ring)
MPRegen 0.09/turn               (no ring)

@: lightly drained
A: large, unfitting armour, claws 3, regeneration 1, shaggy fur 1, tough skin 1
a: no special abilities


You were on level 4 of the Dungeon.
You visited 1 branch of the dungeon, and saw 4 of its levels.

You collected 93 gold pieces.

Inventory:

Hand Weapons
 a - a +0 flail (weapon)
Missiles
 e - 96 stones
 i - 27 sling bullets
 k - a throwing net
 o - 29 arrows
 r - 5 poisoned darts (quivered)
 s - 2 javelins
 t - 15 bolts
Armour
 b - a +0 robe (worn)
 c - a +0 kite shield (worn)
Wands
 n - a wand of flame (20)
Scrolls
 f - a scroll of blinking {unknown}
 l - a scroll of teleportation {unknown}
 p - a scroll of identify {unknown}
 u - a scroll of holy word {unknown}
Potions
 d - a potion of might
 g - a potion of flight {unknown}
 h - a potion of ambrosia {unknown}
 j - a potion of haste {unknown}
 m - a potion of curing {unknown}
 q - 2 potions of attraction {unknown}


   Skills:
 + Level 3.1 Fighting
 + Level 3.3 Maces & Flails
 + Level 0.3 Throwing
 + Level 3.4 Dodging
 + Level 0.2 Stealth
 + Level 3.4 Shields


You had 4 spell levels left.
You didn't know any spells.
Your spell library contained the following spells:

 Spells                   Type           Power      Damage    Failure   Level
 Animate Skeleton         Necr           0%         N/A       80%         1
 Apportation              Tloc           0%         N/A       80%         1
 Summon Small Mammal      Summ           0%         N/A       80%         1


Dungeon Overview and Level Annotations

Branches:
Dungeon (4/15)
 Temple: D:4-7

Altars:
Elyvilon
Vehumet
Xom
The Shining One


Innate Abilities, Weirdness & Mutations

You are too large for most types of armour.
You have claws for hands.
Your natural rate of healing is unusually fast.
You are covered in fur. (AC +1)
You have tough skin. (AC +1)


Message History

You sock the wight!
The wight is severely damaged.
You block the wight's attack. The wight closely misses you.
You hit the wight.
The wight is almost destroyed.
You block the wight's attack.
You closely miss the wight.
The wight is almost destroyed.
You block the wight's attack.
You barely miss the wight.
The wight is almost destroyed.
The wight hits you with a +5 dagger of freezing.
The wight freezes you. You block the wight's attack.
You sock the wight!
You destroy the wight!
Your life force feels restored.
You closely miss the wight.
The wight hits you with a +3 short sword!
You feel drained. The wight closely misses you.
You hit the wight.
The wight is moderately damaged.
You block the wight's attack.
You hit the wight but do no damage.
The wight is moderately damaged.
The wight hits you with a +3 short sword.
You feel drained.
The wight hits you with a +3 short sword.
* * * LOW HITPOINT WARNING * * *
You barely miss the wight.
The wight is moderately damaged.
You block the wight's attack.
You thump the wight!
The wight is severely damaged.
You block the wight's attack.
You hit the wight.
The wight is almost destroyed.
The wight hits you with a +3 short sword!
* * * LOW HITPOINT WARNING * * *
The wight hits you with a +3 short sword!
You die...

###..###..................
#_.....######.............
###..### #.............
#....# #.............
###..### #.............
#......# #.......######
###..### #.......#
#8.....######.......#
##8..8##.@z)........#
##......############
########


You could see a wight.

Vanquished Creatures
  2 wights (D:4)
  A crimson imp (D:3)
  4 adders
  3 worms
  A dart slug (D:1)
  4 orcs (D:3)
  8 bats
  4 endoplasms
  4 giant cockroaches
  6 goblins
  8 hobgoblins
  6 jackals (D:3)
  7 kobolds
  2 quokkas (D:1)
  6 ball pythons
  6 frilled lizards
  A goblin skeleton (D:3)
  2 goblin zombies (D:3)
  2 hobgoblin zombies (D:3)
  2 kobold zombies (D:3)
  An orc skeleton (D:3)
  An orc zombie (D:3)
  5 rats
86 creatures vanquished.

Notes
Turn   | Place    | Note
-------+----------+-------------------------------------------
     0 | D:1      | issech the Troll Fighter began the quest for the Orb.
     0 | D:1      | Reached XP level 1. HP: 22/22 MP: 0/0
   117 | D:1      | Reached XP level 2. HP: 29/29 MP: 1/1
   750 | D:1      | Reached XP level 3. HP: 36/36 MP: 2/2
   818 | D:1      | Found a faded altar of an unknown god.
  1866 | D:3      | Reached XP level 4. HP: 39/44 MP: 3/3
  1908 | D:3      | Found a glowing golden altar of the Shining One.
  2115 | D:3      | Reached XP level 5. HP: 34/53 MP: 4/4
  2157 | D:3      | Found a white marble altar of Elyvilon.
  2677 | D:4      | Found a radiant altar of Vehumet.
  2680 | D:4      | Found a shimmering altar of Xom.
  2764 | D:4      | Slain by a wight

Illustrated notes

Levels and vault maps discovered:
D:1:      ebering_hopf_link, layout_basic, ebering_ecumenical_altar_hall
D:2:      layout_loops_ring
D:3:      layout_loops_cross, nicolae_tso_besieged_by_evil,
          mainiacjoe_overflow_cross_hatched, kennysheep_generic_room_11
D:4:      kennysheep_the_goblin_king, layout_basic, minitemple,
          roderic_st_hans_cross, minmay_distorted

Skill      XL: |  1  2  3  4  5 |
---------------+----------------+-----
Maces & Flails | 2 3 |  3.3
Shields        | 3 |  3.4
Dodging        | 3 |  3.4
Fighting       | 3 |  3.1
Throwing       | |  0.3
Stealth        | |  0.2

Action                   |  1- 3 |  4- 6 || total
-------------------------+-------+-------++-------
Melee: Flail             |   169 |   136 ||   305
Throw: Dart              |       |     8 ||     8
 Stab: Sleeping          |     1 |       ||     1
Armor: Robe              |    76 |    43 ||   119
Dodge: Dodged            |    70 |    72 ||   142
Block: Kite shield       |   113 |    71 ||   184

Table legend: (Time is in decaauts)
 A = Elapsed time spent in this place.
 B = Non-inter-level travel time spent in this place.
 C = Inter-level travel time spent in this place.
 D = Time resting spent in this place.
 E = Time spent auto-exploring this place.
 F = Levels seen in this place.
 G = Mean time per level.
                   A        B        C        D        E       F      G
               +--------+--------+--------+--------+--------+-----+--------+
         Total |   2891 |   2846 |     45 |      0 |   1666 |   4 |  722.8 |
       Dungeon |   2891 |   2846 |     45 |      0 |   1666 |   4 |  722.8 |
               +--------+--------+--------+--------+--------+-----+--------+

Top non-repeatable levels by time:
     D:1: 1139 daAuts
     D:3: 830 daAuts
     D:2: 772 daAuts
     D:4: 149 daAuts
